 Dungeon Crawl Stone Soup version 0.28.0-43-g3370ac3207 (webtiles) character file.

Game seed: 9296881355716886826

1185 smarlow the Thaumaturge (level 8, -11/50 HPs)
             Began as a Djinni Conjurer on Mar 5, 2022.
             Mangled by Prince Ribbit (14 damage)
             ... on level 6 of the Dungeon.
             The game lasted 00:08:11 (5541 turns).

smarlow the Thaumaturge (Djinni Conjurer)           Turns: 5541, Time: 00:08:11

Health: -11/50     AC:  2    Str:  6    XL:     8   Next: 70%
Gold:   287        EV: 12    Int: 21    God:
                   SH:  0    Dex: 13

rFire   + + .      SeeInvis .   (no weapon)
rCold   x . .      Faith    .   (no shield)
rNeg    . . .      Spirit   .   a - +0 robe
rPois   ∞          Reflect  .   (no helmet)
rElec   .          Harm     .   n - scarf {+Inv}
rCorr   .          Rampage  .   (no gloves)
Will    .....                   (boots unavailable)
Stlth   ++........              (no amulet)
HPRegen 0.16/turn               (no ring)
MPRegen 0.00/turn               (no ring)

@: flying
A: sickness immunity, fire resistance 2, cold vulnerability 1, float, innate
caster, HP casting, extra vitality 1
a: Evoke Invisibility


You were on level 6 of the Dungeon.
You visited 1 branch of the dungeon, and saw 6 of its levels.

You collected 287 gold pieces.

Inventory:

Armour
 a - a +0 robe (worn)
 n - a scarf of invisibility (worn)
Scrolls
 b - 2 scrolls of magic mapping {unknown}
 c - 5 scrolls of identify {unknown}
 f - a scroll of torment
 h - 2 scrolls of vulnerability {unknown}
 k - a scroll of fear {unknown}
 l - a scroll of noise {unknown}
Potions
 d - 2 potions of lignification {unknown}
 e - a potion of heal wounds {unknown}
 g - a potion of degeneration {unknown}
 i - a potion of might {unknown}
 j - a potion of experience {unknown}
 m - a potion of curing {unknown}


   Skills:
 - Level 2.1 Dodging
 - Level 1.5 Stealth
 + Level 8.3 Spellcasting


You had 3 spell levels left.
You knew the following spells:

 Your Spells              Type           Power      Damage    Failure   Level
a - Magic Dart            Conj           100%       1d8       1%          1
b - Searing Ray           Conj           86%        2d7       1%          2
c - Dazzling Flash        Conj/Hex       86%        N/A       1%          3
d - Fulminant Prism       Conj/Hex       21%        3d13      2%          4
e - Iskenderun's Mystic   Conj/Tloc      43%        2d10      2%          4
f - Apportation           Tloc           86%        N/A       1%          1
g - Wereblood             Tmut           43%        N/A       1%          2
h - Conjure Flame         Conj/Fire      43%        6-21      1%          3
Your spell library was empty.

Dungeon Overview and Level Annotations

Branches:
Dungeon (6/15)
 Temple: D:4-7

Altars:
Nemelex Xobeh
Okawaru
Qazlal

Annotations:
D:6 Prince Ribbit


Innate Abilities, Weirdness & Mutations

You are immune to sickness and miasma.
You are immune to poison.
Your flesh is very heat resistant. (rF++)
You are vulnerable to cold. (rC-)
You float through the air rather than walking.
You learn spells naturally, not from books.
Your magical power is your life essence.
You have superior vitality. (+4 MHP)


Message History

You conjure a prism of explosive energy!
Prince Ribbit croaks.
A fulminant prism comes into view.
Prince Ribbit croaks regally.
The orc priest miscasts a cantrip.
Your fulminant prism crackles loudly.
Prince Ribbit hits you but does no damage.
Your fulminant prism explodes!
The blast of energy engulfs the orc priest!
The orc priest is severely wounded.
The blast of energy engulfs the orc!!
You kill the orc!
You hear an angry buzzing noise.
You hear a shout!
You hear an angry hiss.
You hear a shout!
You hear an angry buzzing noise.
You hear a shout!
Casting: Fulminant Prism (dangerous; 2% risk of failure)
Confirm with . or Enter, or press ? or * to list all spells.
You erupt in a blast of force!
The mystic blast hits Prince Ribbit!
Prince Ribbit is moderately wounded.
Prince Ribbit is knocked back by the mystic blast.
Prince Ribbit hits you!
Casting: Iskenderun's Mystic Blast (dangerous; 2% risk of failure)
Confirm with . or Enter, or press ? or * to list all spells.
You erupt in a blast of force!
The mystic blast hits Prince Ribbit!
Prince Ribbit is severely wounded.
Prince Ribbit is knocked back by the mystic blast.
You hear an angry hiss.
The orc priest calls down the wrath of Beogh upon you.
You struggle to resist.
Prince Ribbit hits you!
* * * LOW HITPOINT WARNING * * *
Your magical contamination has completely faded away.
Casting: Iskenderun's Mystic Blast (dangerous; 2% risk of failure)
Confirm with . or Enter, or press ? or * to list all spells.
You don't have enough health to cast this spell.
Unknown command.
Okay, then.
Okay, then.
As you read the scroll labelled OSULURR UGEES, it crumbles to dust.
You feel a surge of unholy energy.
Prince Ribbit convulses!
The orc priest convulses!
It was a scroll of torment.
Prince Ribbit hits you!
You die...

# .. #...
..)#..) ..
....o..####....
#
.).............
.. #o.# o
#.###.# .F #..
#.# ##.##.###
#....@..#
..##....F..#
...........#
..#...<...#
...........#
..##.........#
............#
###.......####
#########


You could see Prince Ribbit and an orc priest.

Vanquished Creatures
  A water moccasin (D:6)
  A black bear (D:5)
  A sky beast (D:5)
  An ice beast (D:6)
  An ogre (D:6)
  A phantom (D:5)
  Blork the orc (D:5)
  A water moccasin zombie (D:4)
  A bullfrog zombie (D:5)
  A hound (D:5)
  3 bullfrog skeletons
  A jelly (D:5)
  2 orc priests (D:6)
  An iguana (D:5)
  3 orc wizards
  3 gnolls (D:5)
  7 adders
  A shadow imp (D:5)
  2 white imps (D:5)
  An ufetubus (D:3)
  A worm (D:3)
  2 dart slugs
  9 orcs
  3 ball pythons
  5 endoplasms
  4 giant cockroaches
  6 goblins
  4 hobgoblins
  4 jackals (D:1)
  5 kobolds
  3 quokkas
  5 bats
  4 frilled lizards
  5 rats
  A fulminant prism (D:5)
95 creatures vanquished.

Vanquished Creatures (others)
  11 fulminant prisms
11 creatures vanquished.

Grand Total: 106 creatures vanquished

Notes
Turn   | Place    | Note
-------+----------+-------------------------------------------
     0 | D:1      | smarlow the Djinni Conjurer began the quest for the Orb.
     0 | D:1      | Reached XP level 1. HP: 15/15 MP: 0/0
   146 | D:1      | Reached XP level 2. HP: 14/21 MP: 0/0
   603 | D:1      | Reached XP level 3. HP: 23/25 MP: 0/0
   603 | D:1      | Learned a level 1 spell: Apportation
   840 | D:1      | Reached skill level 4 in Spellcasting
  1143 | D:2      | Reached XP level 4. HP: 22/31 MP: 0/0
  2123 | D:3      | Found an iron altar of Okawaru.
  2159 | D:3      | Reached XP level 5. HP: 33/35 MP: 0/0
  2159 | D:3      | Learned a level 2 spell: Wereblood
  2283 | D:3      | Found a stormy altar of Qazlal.
  2359 | D:3      | Reached skill level 5 in Spellcasting
  2618 | D:3      | Found a faded altar of an unknown god.
  2626 | D:3      | Found a sparkling altar of Nemelex Xobeh.
  2842 | D:4      | Reached XP level 6. HP: 13/40 MP: 0/0
  3091 | D:4      | You are sucked into a shaft and drop 1 floor!
  3091 | D:5      | Entered Level 5 of the Dungeon
  3740 | D:5      | Noticed a black bear
  3760 | D:5      | Reached skill level 6 in Spellcasting
  3767 | D:5      | Reached XP level 7. HP: 16/45 MP: 0/0
  3767 | D:5      | Learned a level 3 spell: Conjure Flame
  4009 | D:5      | Noticed Blork the orc
  4119 | D:5      | Killed Blork the orc
  4120 | D:5      | Reached skill level 7 in Spellcasting
  4632 | D:5      | Reached XP level 8. HP: 41/50 MP: 0/0
  5302 | D:6      | Noticed Prince Ribbit
  5308 | D:6      | Reached skill level 8 in Spellcasting
  5541 | D:6      | Mangled by Prince Ribbit

Illustrated notes

Levels and vault maps discovered:
D:1:      nzn_arrival_crosshair, layout_rooms
D:2:      layout_loops_ring
D:3:      layout_rooms, mainiacjoe_overflow_six_doors_small,
          nicolae_overflow_ecumenical_swirl, nicolae_qazlal_eye_of_the_storm
D:4:      layout_basic, mainiacjoe_overflow_catch_the_wave, grunt_ministairs_12,
          bh_walls_and_bars
D:5:      layout_basic, uniq_blork_the_orc
D:6:      cheibrodos_quashed, layout_rooms, temple_fountains,
          biasface_ghost_orc_armoury, uniq_prince_ribbit1

Skill      XL: |  1  2  3  4  5  6  7  8 |
---------------+-------------------------+-----
Spellcasting   | 4 5 6 7 8 |  8.3
Dodging        | |  2.1
Stealth        | |  1.5

Action                   |  1- 3 |  4- 6 |  7- 9 || total
-------------------------+-------+-------+-------++-------
 Cast: Magic Dart        |    61 |    70 |    24 ||   155
       Iskenderun's Myst |       |     9 |    14 ||    23
       Searing Ray       |       |     3 |     5 ||     8
       Fulminant Prism   |       |     1 |    11 ||    12
  Use: Scroll            |       |       |     1 ||     1
Armor: Robe              |     2 |     3 |     1 ||     6
Dodge: Dodged            |     1 |    13 |       ||    14
